 Dungeon Crawl Stone Soup version 0.29-a0-1023-g6ae1a4a2c7 (webtiles) character file.

Game seed: 8534050410268840839

2608077 lurch the Slayer (level 27, 198/198 HPs)
             Began as a Djinni Conjurer on June 15, 2022.
             Was the Champion of Hepliaklqana.
             Escaped with the Orb
             ... and 4 runes on Aug 11, 2022!
             The game lasted 07:53:22 (57818 turns).

lurch the Slayer (Djinni Conjurer)                 Turns: 57818, Time: 07:53:22

Health: 198/198    AC: 22    Str: 14 (15) XL:     27
Gold:   5994       EV: 24    Int: 28      God:    Hepliaklqana [******] SH: 17 Dex: 24

rFire   + + .      SeeInvis +   b - +12 falchion of Amorous True Grit {vorpal, rElec, !a}
rCold   + + .      Faith    .   S - +2 kite shield
rNeg    + + +      Spirit   .   J - +5 robe of Night {Dark Will+ SInv}
rPois   ∞          Reflect  .   V - +1 helmet of Ciblieha {rCorr Str+2 Dex+3}
rElec   +          Harm     .   X - +1 cloak of Ghostly Salvation {rN+++ Regen+ Str+4 Int-5}
rCorr   +          Rampage  .   u - +2 pair of gloves of the Pit {Drain Int-2 Dex+8 Slay+5}
Will    ++++.                   (boots unavailable)
Stlth   +.........              r - amulet "Irel" {Regen+ Int+4}
HPRegen 2.03/turn               O - ring of protection from cold
MPRegen 0.00/turn               Q - ring "Poibed" {Wiz rC+ Str+3}

@: lich-form, flying
A: draining attack, torment immunity, no potions, flying, reduced essence,
sickness immunity, fire resistance 2, cold vulnerability 1, float, innate
caster, HP casting, extra vitality 1, iridescent scales 1, deterioration 1,
dopey 1
0: Orb of Zot
}: 4/15 runes: barnacled, slimy, silver, gossamer
a: End Transformation, Renounce Religion, Recall Ancestor, Ancestor Identity,
Transference, Idealise


You escaped.
You worshipped Hepliaklqana.
Hepliaklqana was exalted by your worship.
You were an undead lich.
You visited 11 branches of the dungeon, and saw 54 of its levels.
You also visited: Trove, Bailey and Ice Cave.

You collected 7631 gold pieces.
You spent 1637 gold pieces at shops.

Inventory:

Hand Weapons
 a - the +8 mace of Jein Suc {drain, rC+ rCorr}
   (You found it on level 2 of the Lair of Beasts)

   A truly terrible weapon, it drains the life of any living foe it strikes.
   rC:        It protects you from cold.
   rCorr:     It protects you from acid and corrosion.
 b - the +12 falchion of Amorous True Grit (weapon) {vorpal, rElec, !a}
   (You bought it in a shop on level 2 of the Orcish Mines)

   It inflicts extra damage upon your enemies.
   rElec:     It insulates you from electricity.
 P - the +7 rapier of Big Damage {freeze, Will+, !a}
   (You took it off an orc warrior in a bailey)

   It freezes those it strikes, dealing additional cold damage.
   It can also slow down cold-blooded creatures.
   Will:      It increases your willpower.
Missiles
 w - 5 silver javelins
 H - 4 throwing nets
 K - 6 curare-tipped darts
Armour
 u - the +2 pair of gloves of the Pit (worn) {Drain Int-2 Dex+8 Slay+5}
   (You found it on level 13 of the Dungeon)

   Int:       It affects your intelligence (-2).
   Dex:       It affects your dexterity (+8).
   Slay:      It affects your accuracy & damage with ranged weapons and melee
   (+5).
   Drain:     It drains your maximum health when unequipped.
 J - the +5 robe of Night (worn) {Dark Will+ SInv}
   (You found it on level 3 of the Depths)

   It shrouds the wearer in darkness, reducing the range at which they can see
   and be seen by others.
   SInv:      It lets you see invisible.
   Will:      It increases your willpower.
 S - a +2 kite shield (worn)
 V - the +1 helmet of Ciblieha (worn) {rCorr Str+2 Dex+3}
   (You found it on level 3 of the Vaults)

   Str:       It affects your strength (+2).
   Dex:       It affects your dexterity (+3).
   rCorr:     It protects you from acid and corrosion.
 X - the +1 cloak of Ghostly Salvation (worn) {rN+++ Regen+ Str+4 Int-5}
   (You bought it in a shop on level 2 of the Orcish Mines)

   Str:       It affects your strength (+4).
   Int:       It affects your intelligence (-5).
   rN:        It renders you almost immune to negative energy.
   Regen:     It increases your rate of health regeneration.
Jewellery
 r - the amulet "Irel" (around neck) {Regen+ Int+4}
   (You took it off a fire giant on level 5 of the Vaults)

   [amulet of regeneration]

   Int:       It affects your intelligence (+4).
   Regen:     It increases your rate of health regeneration.
 O - a ring of protection from cold (left hand)
 Q - the ring "Poibed" (right hand) {Wiz rC+ Str+3}
   (You took it off a centaur warrior on level 10 of the Dungeon)

   [ring of wizardry]

   It improves your spell success rate.
   Str:       It affects your strength (+3).
   rC:        It protects you from cold.
 W - a +6 ring of strength
Wands
 q - a wand of acid (51)
 t - a wand of digging (1)
 x - a wand of roots (22)
 y - a wand of paralysis (8)
 B - a wand of charming (29)
 C - a wand of flame (121)
 D - a wand of iceblast (10)
 I - a wand of mindburst (46)
Scrolls
 c - 6 scrolls of immolation
 d - 4 scrolls of torment
 f - 19 scrolls of teleportation
 g - 12 scrolls of poison
 o - 3 scrolls of fear
 p - 4 scrolls of summoning
 v - 10 scrolls of vulnerability
 A - 11 scrolls of fog
 G - 2 scrolls of magic mapping
 L - 6 scrolls of blinking
 Y - 2 scrolls of butterflies
Potions
 h - 6 potions of invisibility
 i - 27 potions of curing
 j - 3 potions of resistance
 k - 11 potions of mutation
 m - a potion of heal wounds
 n - 21 potions of might
 s - 13 potions of brilliance
 z - 13 potions of lignification
 E - 10 potions of attraction
 N - 6 potions of ambrosia
 T - 3 potions of haste
 U - 7 potions of cancellation
Miscellaneous
 e - a phantom mirror
 l - a box of beasts (inert)
 F - a tin of tremorstones (2/2)
 M - a condenser vane (inert)
 R - a lightning rod (4/4)
 Z - a phial of floods


   Skills:
 + Level 25.0 Fighting
 - Level 4.0 Throwing
 - Level 4.0 Armour
 + Level 14.5 Dodging
 - Level 1.5 Stealth
 - Level 15.0 Shields
 - Level 23.7 Spellcasting
 - Level 14.0 Invocations
 - Level 20.0 Evocations


You couldn't memorise any spells.
You knew the following spells:

 Your Spells              Type           Power      Damage    Failure   Level
a - Borgnjor's Vile Clut  Necr/Erth      64%        N/A       0%          5
b - Orb of Destruction    Conj           52%        9d13      1%          7
c - Fulminant Prism       Conj/Hex       52%        3d23      0%          4
d - Iskenderun's Mystic   Conj/Tloc      100%       2d19      0%          4
e - Blink                 Tloc           100%       N/A       0%          2
f - Necromutation         Tmut/Necr      64%        N/A       1%          8
g - Spellforged Servitor  Conj/Summ      52%        N/A       1%          7
h - Passage of Golubria   Tloc           100%       N/A       0%          4
i - Storm Form            Tmut/Air       52%        N/A       1%          7
j - Enfeeble              Hex            52%        N/A       1%          7
k - Stone Arrow           Conj/Erth      100%       3d13      0%          3
l - Statue Form           Tmut/Erth      70%        N/A       0%          6
m - Death's Door          Necr           64%        N/A       4%          9
v - Dazzling Flash        Conj/Hex       100%       N/A       0%          3
w - Searing Ray           Conj           100%       2d8       0%          2
x - Call Imp              Summ           100%       N/A       0%          2
y - Summon Small Mammal   Summ           100%       N/A       0%          1
z - Magic Dart            Conj           100%       1d8       0%          1
Your spell library was empty.

Dungeon Overview and Level Annotations

Branches:
Dungeon (15/15)            Temple (1/1) D:5            Lair (6/6) D:11
 Shoals (4/4) Lair:4       Spider (4/4) Lair:2        Slime (5/5) Lair:6
    Orc (2/2) D:9             Elf (3/3) Orc:2        Vaults (5/5) D:13
  Crypt (0/3) Vaults:3     Depths (4/4) D:15            Zot (5/5) Depths:4
 Bailey (visited)           IceCv (visited)

Altars:
Ashenzari
Cheibriados
Dithmenos
Elyvilon
Fedhas
Gozag
Hepliaklqana
Makhleb
Nemelex Xobeh
Okawaru
Qazlal
Ru
Trog
Uskayaw
Wu Jian
Xom
Yredelemnul
Zin
The Shining One
Jiyva

Shops:
D:2 !   D:8 (   Orc:2 [(*[   Vaults:5 (

Portals:
Hell: Depths:1 Depths:2 Depths:3 Depths:4
Abyss: D:8 Depths:1 Depths:3 Depths:4
Pandemonium: Depths:2
Ziggurat: Depths:1

Annotations:
D:7 2 runed translucent doors, exclusions: door and orange crystal statue
D:8 2 transporters, Aapotti's ghost, novice HOFi
Spider:3 3 runed translucent doors, Kefeps's ghost, adept MiBe; Vitacs's ghost, adept DrIE
Spider:4 2 transporters, nice amulet, but dangerous!, Voliurche's ghost, journeyman GnEE
Elf:2 3 runed translucent doors, exclusion: 3 doors
Elf:3 mara!, need loot(rC + sInv), 1 exclusion, Mara; Roxanne
Crypt:1 ! sInv needed, go in if u where lower than 27
Depths:1 1 runed translucent door
Zot:3 1 transporter, exclusion: downstairs


Innate Abilities, Weirdness & Mutations

You are an undead lich.
Your unarmed attacks are suffused with negative energy.
You are immune to unholy pain and torment.
Your necromantic spells are more powerful.
You cannot drink.
You are flying.
Your life essence is reduced to manifest your ancestor. (-10% HP)
You are immune to sickness and miasma.
You are immune to poison.
Your flesh is very heat resistant. (rF++)
You are vulnerable to cold. (rC-)
You float through the air rather than walking.
You learn spells naturally, not from books.
Your magical power is your life essence.
You have superior vitality. (+4 MHP)
You are partially covered in iridescent scales. (AC +2)
Your body sometimes deteriorates upon taking damage.
You are dopey. (Int -2)


Message History

You feel yourself come back to life.
There is a stone staircase leading up here.
You fly upwards.
There is a stone staircase leading down here.
An Orb Guardian comes into view.
There is a stone staircase leading up here.
You fly upwards.
There is a stone staircase leading down here.
You feel yourself speed up.
(D) Dungeon (T) Temple (L) Lair (A) Shoals (N) Spider Nest (M) Slime Pits (O) Orcish Mines (E) Elven Halls (V) Vaults (C) Crypt (U) Depths (H) Hell (Z) Zot
Where to? (Enter - D:1, ? - help)
What level of the Dungeon? (default 1, ? - help)
There is a stone staircase leading up here.
You fly upwards.
There is a stone staircase leading down here.
There is a stone staircase leading up here.
You fly upwards.
There is a stone staircase leading down here.
Your extra speed is starting to run out.
A red devil comes into view. It is wielding a +0 trident.
Casting: Passage of Golubria (safe; 0% risk of failure)
Confirm with . or Enter, or press ? or * to list all spells.
Your body is suffused with negative energy!
You feel yourself slow down.
There is an open door here.
There is an open door here.
Aiming: Dig
Press: ? - help, Shift-Dir - straight line A rock wall.
This square is covered in magical glow.
The rock shatters into small pieces.
Unknown command.
You reach down and open the door.
There is an open door here.
There is a staircase leading out of the dungeon here.
Okay, then.
You have escaped!

..# ##.# #.########.#...♣.. ###
#########'###############.
#.................# #.
#.#.###########.#.# #.
#.##.#.......#.##.# ## ###
#.#.#.###+###.#.#.# ..#
#.#.#.#.....#.#.#.#
#.######.#.#.#..(..#.#.#.##### #
...#.'.'.#.#.'..L..+.#.#.'.'.####
#....###.#.#.#.....#.#.#.###....#
#..### #.#.#.#..4..#.#.#.# ####.#
#..# #.#.#.###'###.#.#.# #.. #..#
#.##.#.......#.##.# ### #..#
#.#.#####.#####.#.# # ...#
#.................# # ##.#
#########'########## #.# #.# #.#
#.# ##'##


You could see a red devil.

Vanquished Creatures
  the Royal Jelly (Slime:5)
  Tiamat (Zot:3)
  3 dread liches (Vaults:5)
  An ancient lich (Zot:5)
  An orb of fire (Zot:5)
  Vv (Depths:4)
  Bai Suzhen (Depths:1)
  Parghit (Zot:2)
  Nikola (Shoals:1)
  5 golden dragons
  Arachne (Spider:4)
  3 electric golems (Zot:1)
  A Tzitzimitl (Depths:3)
  A doom hound (Zot:2)
  A walking crystal tome (Depths:4)
  10 tentacled monstrosities
  12 Orb Guardians (Zot:5)
  2 Ice Fiends (IceCv)
  4 quicksilver dragons
  3 liches
  3 titans
  Asterion (Spider:1)
  3 deep elf master archers (Elf:3)
  8 acid blobs
  Frances (D:13)
  A sphinx (Vaults:2)
  12 death cobs
  4 tengu reavers
  7 shadow dragons
  7 draconian monks
  2 draconian knights
  6 storm dragons
  8 rockslimes (Slime:5)
  2 emperor scorpions
  5 azure jellies
  5 draconian scorchers
  5 fire giants
  13 vault wardens
  A frost giant (Vaults:5)
  4 deep elf sorcerers
  5 draconian annihilators
  Louise (Elf:3)
  4 ghost moths
  4 orc warlords
  A ghoul (Vaults:3)
  10 ironbound preservers
  A draconian stormcaller (Zot:2)
  11 draconian shifters
  8 quicksilver oozes
  2 war gargoyles
  A broodmother (Spider:4)
  5 vampire knights
  6 stone giants
  11 very ugly things
  The ghost of KristoblXynda the Carver, a journeyman DrBe of Trog (D:14)
  11 green draconians
  Nessos (D:12)
  5 ironbound thunderhulks
  6 entropy weavers
  2 deep elf demonologists
  12 dire elephants
  3 red draconians
  An entropy weaver (shapeshifter) (Vaults:5)
  2 deep elf annihilators
  A lorocyproca (Depths:2)
  13 black draconians
  12 yellow draconians
  5 white draconians
  8 spark wasps
  4 purple draconians
  A green death (Depths:4)
  2 blizzard demons
  2 deep elf high priests (Vaults:5)
  2 deep elf death magi
  A merfolk javelineer (Shoals:4)
  6 merfolk impalers
  5 fire dragons
  7 yaktaur captains
  A jiangshi (Elf:2)
  3 ettins
  3 great orbs of eyes
  29 vault guards
  5 ice dragons
  2 rakshasas
  Erolcha (D:13)
  An ogre mage (Vaults:5)
  A peacekeeper (Vaults:2)
  3 spriggan air magi
  3 boulder beetles
  10 hydras
  5 ironbound frosthearts
  An alligator snapping turtle (Shoals:4)
  9 centaur warriors
  9 two-headed ogres
  A catoblepas (Lair:5)
  2 satyrs (Shoals:4)
  A death knight (D:10)
  3 deep troll shamans
  10 dancing weapons
  4 deep troll earth magi
  3 tengu warriors
  3 vampire magi
  9 death yaks
  3 orc high priests (Orc:2)
  4 spriggan berserkers
  A shock serpent (Zot:1)
  5 deep elf knights
  A sun demon (Zot:1)
  Sonja (D:13)
  A sun moth (Spider:4)
  A hell knight (Depths:4)
  An iron troll (Depths:2)
  4 shadow wraiths (Depths:3)
  5 pharaoh ants
  A skeletal warrior (Elf:2)
  10 sea snakes
  4 sixfirhies
  4 orb spiders
  5 glowing orange brains
  2 shadow demons (Depths:3)
  A quicksilver dragon simulacrum (Zot:2)
  4 steelbarb worms
  3 spriggan simulacra (IceCv)
  2 elf simulacra (Elf:2)
  An obsidian statue (IceCv)
  Pikel (D:7)
  20 deep trolls
  5 wizards
  6 deep elf archers
  10 ironbound convokers
  5 lindwurms
  15 deep elf zephyrmancers
  15 orc knights
  7 harpies
  2 necromancers
  21 deep elf pyromancers
  9 wolf spiders
  A human zombie (Vaults:2)
  5 phantasmal warriors (Vaults:5)
  7 orc sorcerers
  An oklob plant (Lair:5)
  19 ugly things
  7 manticores
  2 shining eyes
  7 cyclopes
  31 moths of wrath
  11 fauns
  6 elephants (Lair:6)
  8 merfolk sirens
  6 water nymphs
  An eye of devastation (Slime:5)
  A torpor snail (Spider:1)
  4 black mambas
  11 vault sentinels
  A centaur skeleton (D:15)
  A naga mage (D:15)
  5 demonic crawlers
  11 cane toads
  A kobold demonologist (D:14)
  38 yaktaurs
  2 tengu conjurers
  9 komodo dragons
  8 unseen horrors (Depths:4)
  6 rime drakes
  2 efreet
  An ice devil (IceCv)
  6 freezing wraiths
  7 trolls
  9 merfolk
  5 entropy weaver simulacra (IceCv)
  A golden dragon simulacrum (Zot:2)
  3 meliai (D:14)
  A meliai (shapeshifter) (D:14)
  A polar bear (shapeshifter) (Depths:3)
  3 polar bears
  4 tyrant leeches (Spider:2)
  4 blink frogs
  15 tarantellas
  Prince Ribbit (Lair:1)
  6 wind drakes
  8 hornets
  A harpy skeleton (D:15)
  3 raiju (Zot:1)
  38 slime creatures
  An air elemental (Elf:2)
  11 jumping spiders
  4 snapping turtles
  A spriggan (shapeshifter) (D:14)
  Sigmund (D:4)
  4 wraiths
  An ettin skeleton (Vaults:2)
  2 shadows
  10 culicivoras
  A flying skull (Elf:2)
  5 spriggans
  2 dire elephant simulacra (IceCv)
  23 yaks
  A basilisk (shapeshifter) (D:10)
  6 water elementals
  5 wyverns
  9 golden eyes
  3 basilisks
  4 steam dragons
  8 vampire mosquitoes
  A harpy simulacrum (IceCv)
  32 redbacks
  2 wargs (Orc:2)
  3 acid dragons
  11 water moccasins
  Duvessa (D:7)
  48 orc warriors
  A glowing shapeshifter skeleton (Vaults:2)
  An ice beast (D:5)
  A sky beast (D:8)
  2 black bears
  12 ogres
  14 centaurs
  A boggart (Vaults:4)
  2 centaurs (shapeshifter) (Vaults:5)
  16 wolves
  A phantom (D:9)
  4 kobold brigands
  2 necrophages
  2 earth elementals (Elf:2)
  14 bullfrogs
  5 scorpions
  2 deep troll simulacra (IceCv)
  9 wights
  9 hexers
  Dowan (D:7)
  3 troll zombies (D:9)
  7 electric eels
  A howler monkey (D:7)
  5 hounds
  Crazy Yiuf (D:6)
  A gnoll bouda (D:6)
  29 orc priests
  A jelly (D:8)
  5 iguanas
  Natasha (thrice) (D:2)
  12 orc wizards
  5 lightning spires (Zot:1)
  5 ogre zombies (D:9)
  11 gnolls
  3 adders
  3 shadow imps
  2 white imps
  3 ufetubi (D:5)
  4 worms
  109 orcs
  A bat (D:2)
  8 endoplasms
  2 giant cockroaches
  18 hobgoblins
  5 jackals
  7 quokkas
  3 training dummies (D:8)
  7 ball pythons
  2 frilled lizards
  9 goblins
  3 goblin zombies (D:9)
  A hobgoblin skeleton (D:9)
  2 hobgoblin zombies (D:9)
  15 kobolds
  3 orc skeletons (D:9)
  14 orc zombies (D:9)
  7 rats
  2 ball lightnings (Zot:1)
  12 fulminant prisms
  A lost soul (Elf:2)
1600 creatures vanquished.

Vanquished Creatures (collateral kills)
  Dissolution (Slime:3)
  6 orbs of fire
  A pandemonium lord (Zot:1)
  Sojobo (Depths:4)
  Josephina (Zot:2)
  Saint Roka (Elf:3)
  A Killer Klown (Zot:4)
  Frederick (Depths:4)
  A curse toe (Zot:3)
  Jory (Depths:3)
  5 golden dragons
  A doom hound (Zot:2)
  An electric golem (Zot:5)
  A bone dragon (Depths:4)
  3 tentacled monstrosities
  Grunn (Zot:2)
  8 Orb Guardians (Zot:5)
  3 deep elf blademasters (Elf:3)
  11 acid blobs
  2 titans (Vaults:5)
  A quicksilver dragon (Vaults:5)
  2 sphinxes
  2 ancient champions (Elf:2)
  6 shadow dragons
  4 death cobs
  2 storm dragons
  2 tengu reavers
  9 rockslimes
  2 fire giants
  4 draconian knights
  3 draconian scorchers
  3 azure jellies (Slime:5)
  5 frost giants
  4 emperor scorpions
  8 vault wardens
  5 ghost moths
  An iron dragon (shapeshifter) (Vaults:5)
  2 deep elf sorcerers (Elf:3)
  2 orc warlords
  3 draconian shifters
  A curse skull (Elf:2)
  A deep elf elementalist (Elf:3)
  A spriggan defender (Depths:2)
  3 draconian stormcallers
  3 quicksilver oozes
  10 very ugly things
  8 ironbound preservers
  2 broodmothers
  A war gargoyle (Vaults:5)
  5 stone giants
  A vampire knight (Depths:4)
  5 green draconians
  6 purple draconians
  6 dire elephants
  3 black draconians
  5 ironbound thunderhulks
  6 deep elf annihilators
  4 red draconians
  3 white draconians
  5 entropy weavers
  2 yellow draconians
  5 spark wasps
  An eidolon (Elf:2)
  3 ettins
  4 deep elf high priests
  7 yaktaur captains
  A merfolk javelineer (Shoals:1)
  2 deep elf death magi
  A merfolk impaler (Shoals:4)
  3 fire dragons
  4 great orbs of eyes
  3 rakshasas
  2 vault guards
  A boulder beetle (D:12)
  2 ice dragons
  A caustic shrike simulacrum (IceCv)
  2 jorogumos (Spider:4)
  A spriggan air mage (Depths:2)
  A two-headed ogre (Orc:2)
  4 hydras
  2 ghost crabs (Spider:2)
  5 ironbound frosthearts
  2 radroaches
  3 merfolk avatars
  An anaconda (shapeshifter) (D:14)
  A two-headed ogre (shapeshifter) (Elf:2)
  7 centaur warriors
  2 alligator snapping turtles (Shoals:4)
  A satyr (Shoals:4)
  The ghost of Glokmah the Cleaver, a novice HOGl of Qazlal (D:7)
  5 dancing weapons
  4 deep troll shamans
  4 death yaks (Lair:6)
  2 tengu warriors
  An orc high priest (Orc:2)
  2 deep troll earth magi (Vaults:5)
  A spriggan berserker (Depths:1)
  3 hell knights (Depths:4)
  A shock serpent (Zot:1)
  5 deep elf knights
  A skeletal warrior (Elf:2)
  3 pharaoh ants
  2 shadow wraiths (Depths:3)
  13 deep trolls
  6 sea snakes
  A glowing orange brain (Vaults:3)
  A deep elf archer (Elf:2)
  A shadow demon (Depths:3)
  2 flayed ghosts
  3 orb spiders
  2 iron trolls
  4 steelbarb worms
  A spriggan simulacrum (IceCv)
  3 wizards
  6 phantasmal warriors
  A bog body (IceCv)
  An orange crystal statue (IceCv)
  9 deep elf zephyrmancers
  6 lindwurms
  12 harpies
  4 ironbound convokers
  4 necromancers
  3 deep elf pyromancers
  5 orc knights
  2 shining eyes
  3 fauns (Shoals:4)
  17 wolf spiders
  21 ugly things
  4 cyclopes
  A sphinx skeleton (Vaults:2)
  4 manticores
  2 elephants
  A salamander (Depths:4)
  7 moths of wrath
  2 centaur skeletons (D:15)
  An eye of devastation (Slime:4)
  A torpor snail (Spider:4)
  5 vault sentinels
  A water nymph (Shoals:2)
  2 spectral elves (Elf:2)
  A nameless horror (D:15)
  2 freezing wraiths (IceCv)
  3 demonic crawlers
  A rime drake (Lair:5)
  2 hellwings (Depths:2)
  18 yaktaurs
  2 entropy weaver simulacra (IceCv)
  An ice devil (Depths:2)
  A tengu conjurer (D:13)
  2 polar bears
  A meliai (Spider:4)
  2 trolls
  9 merfolk
  2 hornets (Depths:1)
  2 snapping turtles
  A tyrant leech (Spider:2)
  5 wind drakes
  15 tarantellas
  A blink frog (Lair:5)
  A raiju (Zot:1)
  37 slime creatures
  18 hexers
  12 jumping spiders
  A vampire (D:10)
  3 yaks
  12 culicivoras
  3 spriggans (Depths:1)
  A dire elephant simulacrum (IceCv)
  7 water elementals
  A wraith (D:10)
  22 redbacks
  4 vampire mosquitoes (Spider:2)
  A purple draconian simulacrum (Zot:2)
  2 harpy simulacra (IceCv)
  A water moccasin (Lair:1)
  9 orc warriors
  An ogre (Vaults:5)
  2 boggarts (Vaults:4)
  2 centaurs
  A phantom (D:9)
  2 bullfrogs
  An earth elemental (Elf:3)
  A wight (D:9)
  2 electric eels
  2 orc priests
  An orc wizard (Orc:1)
  A gnoll (Bailey)
  18 orcs
  A hobgoblin (Bailey)
  A goblin skeleton (D:9)
  An orc zombie (D:9)
714 creatures vanquished.

Vanquished Creatures (others)
  2 ancient liches (Vaults:5)
  An Orb Guardian (Zot:5)
  A tengu reaver (Depths:4)
  A draconian scorcher (Depths:4)
  A very ugly thing (Depths:3)
  A stone giant (Depths:4)
  An entropy weaver (Vaults:4)
  3 black draconians (Zot:1)
  A red draconian (Zot:4)
  A yellow draconian (Zot:3)
  An ettin (Vaults:5)
  A shock serpent (Zot:1)
  A sixfirhy (Zot:1)
  A wizard (Vaults:2)
  A manticore (Shoals:2)
  A wind drake (Shoals:1)
  A redback (Spider:2)
  A purple draconian simulacrum (Zot:2)
  An orc warrior (Orc:2)
  92 hexers
  3 ball lightnings (Zot:1)
  105 fulminant prisms
  50 fungi
  230 plants
502 creatures vanquished.

Grand Total: 2816 creatures vanquished

Notes
Turn   | Place    | Note
-------+----------+-------------------------------------------
     0 | D:1      | lurch the Djinni Conjurer began the quest for the Orb.
     0 | D:1      | Reached XP level 1. HP: 15/15 MP: 0/0
   624 | D:1      | Found a faded altar of an unknown god.
   682 | D:1      | Reached XP level 2. HP: 20/22 MP: 0/0
  1528 | D:2      | Found a shadowy altar of Dithmenos.
  1630 | D:2      | Reached skill level 1 in Fighting
  1630 | D:2      | Reached XP level 3. HP: 19/27 MP: 0/0
  1630 | D:2      | Learned a level 1 spell: Summon Small Mammal
  1690 | D:2      | Reached XP level 4. HP: 21/32 MP: 0/0
  1961 | D:2      | Found Peileif's Distillery.
  1977 | D:2      | Bought a potion of curing for 30 gold pieces
  2495 | D:2      | Noticed Natasha
  2501 | D:2      | Killed Natasha
  2502 | D:2      | Reached XP level 5. HP: 13/38 MP: 0/0
  2502 | D:2      | Learned a level 2 spell: Blink
  2858 | D:2      | Noticed Natasha
  2863 | D:2      | Killed Natasha
  2976 | D:2      | Noticed Natasha
  2980 | D:2      | Killed Natasha
  2981 | D:2      | Reached skill level 2 in Fighting
  3106 | D:3      | Identified the +0 pair of boots of Darkness {rPois Will+++
                  | Int+6 Stlth-}
  4063 | D:4      | Reached skill level 5 in Spellcasting
  4063 | D:4      | Reached XP level 6. HP: 16/45 MP: 0/0
  4421 | D:4      | Noticed Sigmund
  4430 | D:4      | Killed Sigmund
  4431 | D:4      | Reached skill level 3 in Fighting
  4431 | D:4      | Reached XP level 7. HP: 39/50 MP: 0/0
  4431 | D:4      | Learned a level 2 spell: Call Imp
  4852 | D:5      | Entered Level 5 of the Dungeon
  4925 | D:5      | Noticed a water moccasin
  4930 | D:5      | Killed a water moccasin
  4931 | D:5      | Reached XP level 8. HP: 46/57 MP: 0/0
  4978 | D:5      | Identified the +1 leather armour of Koicrochuxo {Will+
                  | Slay+2}
  5032 | D:5      | Found a staircase to the Ecumenical Temple.
  5055 | Temple   | Entered the Ecumenical Temple
  5077 | Temple   | Became a worshipper of Hepliaklqana the Forgotten
  5250 | D:5      | Reached skill level 4 in Fighting
  5910 | D:6      | Found a runed translucent door.
  5911 | D:6      | Noticed Crazy Yiuf
  5918 | D:6      | Killed Crazy Yiuf
  6238 | D:6      | Reached XP level 9. HP: 62/63 MP: 0/0
  6238 | D:6      | Learned a level 3 spell: Stone Arrow
  6307 | D:7      | Noticed Pikel
  6316 | D:7      | Killed Pikel
  6317 | D:7      | Reached skill level 5 in Fighting
  6387 | D:7      | Reached * piety under Hepliaklqana
  6469 | D:7      | Noticed Duvessa
  6470 | D:7      | Noticed Dowan
  6472 | D:7      | Killed Duvessa
  6474 | D:7      | Killed Dowan
  6846 | D:7      | Found a runed translucent door.
  6850 | D:7      | Found the +10 tower shield of Ignorance {rN+ Int-4}
  6895 | D:7      | Noticed a moth of wrath
  6899 | D:7      | Found a bloodstained altar of Trog.
  7060 | D:7      | Found a runed translucent gate.
  7060 | D:7      | Found a runed translucent door.
  7061 | D:7      | Found a runed translucent gate.
  7061 | D:7      | Found a runed translucent gate.
  7061 | D:7      | Noticed Glokmah's ghost (novice HOGl)
  7065 | D:7      | Identified the +0 chain mail of Luttoerch {rF+}
  7078 | D:7      | Noticed an orange crystal statue
  7408 | D:8      | Reached ** piety under Hepliaklqana
  7410 | D:8      | Remembered your ancestor Synnove as a hexer
  7426 | D:8      | Reached XP level 10. HP: 62/64 MP: 0/0
  7498 | D:8      | Found a transporter.
  7550 | D:8      | Reached skill level 6 in Fighting
  7602 | D:8      | Noticed a two-headed ogre
  7606 | D:8      | Killed a two-headed ogre
  7607 | D:8      | Reached skill level 7 in Fighting
  7607 | D:8      | Reached skill level 10 in Spellcasting
  7766 | D:8      | Found Rahep's Firing Range.
  7829 | D:8      | Reached skill level 1 in Invocations
  7903 | D:8      | Noticed a toenail golem
  7988 | D:8      | Found a one-way gate to the infinite horrors of the Abyss.
  7998 | D:8      | Found a transporter.
  8004 | D:8      | Noticed Aapotti's ghost (novice HOFi)
  8166 | D:9      | Reached skill level 8 in Fighting
  8286 | D:9      | Found a staircase to the Orcish Mines.
  8435 | D:9      | Found a flagged portal.
  8440 | D:9      | Identified the +4 hand axe of Mayhem {venom, rC+ Str-2
                  | Int+3 Stlth+}
  8448 | Bailey   | Entered a bailey
  8526 | Bailey   | Reached XP level 11. HP: 69/73 MP: 0/0
  8526 | Bailey   | Learned a level 4 spell: Passage of Golubria
  8539 | Bailey   | Noticed an orc warlord
  8549 | Bailey   | Killed an orc warlord
  8550 | Bailey   | Reached skill level 9 in Fighting
  8550 | Bailey   | Reached skill level 5 in Invocations
  8573 | Bailey   | Noticed an orc knight
  8578 | Bailey   | Killed an orc knight
  8623 | Bailey   | Identified the +7 rapier of Big Damage {freeze, Will+}
  8906 | D:9      | Reached skill level 10 in Fighting
  8906 | D:9      | Reached skill level 5 in Evocations
  8906 | D:9      | Reached XP level 12. HP: 83/83 MP: 0/0
  9175 | D:10     | Entered Level 10 of the Dungeon
  9379 | D:10     | Noticed a death knight
  9400 | D:10     | Killed a death knight
  9403 | D:10     | Reached skill level 10 in Invocations
  9654 | D:10     | Reached *** piety under Hepliaklqana
  9655 | D:10     | Noticed a fire dragon
  9864 | D:10     | Identified the ring "Poibed" {Wiz rC+ Str+3}
  9864 | D:10     | Noticed a centaur warrior
  9870 | D:10     | Killed a centaur warrior
  9964 | D:10     | Noticed a yaktaur captain
 10182 | D:10     | Reached XP level 13. HP: 64/87 MP: 0/0
 10182 | D:10     | Learned a level 5 spell: Borgnjor's Vile Clutch
 10335 | D:10     | Killed a yaktaur captain
 11103 | D:10     | Killed a fire dragon
 11515 | D:11     | Noticed an eight-headed hydra
 11538 | D:11     | Killed an eight-headed hydra
 11539 | D:11     | Reached skill level 11 in Fighting
 11571 | D:11     | Found a staircase to the Lair.
 11914 | Lair:1   | Entered Level 1 of the Lair of Beasts
 12175 | Lair:1   | Noticed Prince Ribbit
 12179 | Lair:1   | Killed Prince Ribbit
 12264 | Lair:1   | Noticed a seven-headed hydra
 12272 | Lair:1   | Killed a seven-headed hydra
 12273 | Lair:1   | Reached skill level 12 in Fighting
 12642 | Lair:2   | Reached **** piety under Hepliaklqana
 12961 | Lair:2   | Noticed a six-headed hydra
 12970 | Lair:2   | Killed a six-headed hydra
 13000 | Lair:2   | Identified the +8 mace of Jein Suc {drain, rC+ rCorr}
 13446 | Lair:2   | Found a hole to the Spider Nest.
 13690 | Lair:3   | You are sucked into a shaft and drop 2 floors!
 13697 | Lair:5   | Noticed a five-headed hydra
 13703 | Lair:5   | Killed a five-headed hydra
 13704 | Lair:5   | Reached XP level 14. HP: 69/96 MP: 0/0
 13918 | Lair:4   | Reached ***** piety under Hepliaklqana
 14085 | Lair:3   | Identified the +4 dagger of Annoyance {elec, rN+ Dex+4}
 14620 | Lair:4   | Reached skill level 1 in Armour
 15079 | Lair:4   | Found a staircase to the Shoals.
 15485 | Lair:5   | Reached skill level 5 in Dodging
 16215 | Lair:6   | Entered Level 6 of the Lair of Beasts
 16279 | Lair:6   | Reached skill level 1 in Throwing
 16476 | Lair:6   | Reached XP level 15. HP: 44/100 MP: 0/0
 16476 | Lair:6   | Learned a level 6 spell: Statue Form
 16537 | Lair:6   | Found a viscous altar of Jiyva.
 16538 | Lair:6   | Found a staircase to the Slime Pits.
 17052 | Lair:6   | Identified the +2 trident of the Six Loafs {venom, Dex+3}
 17477 | D:12     | Reached skill level 13 in Fighting
 17839 | D:12     | Noticed Nessos
 17845 | D:12     | Killed Nessos
 18278 | D:13     | Noticed Frances
 18391 | D:13     | Noticed Sonja
 18423 | D:13     | Killed Sonja
 18626 | D:13     | Identified the +8 hand crossbow of the Beast {vorpal,
                  | Int+4}
 18633 | D:13     | Identified the +2 pair of gloves of the Pit {Drain Int-2
                  | Dex+8 Slay+5}
 18971 | D:13     | Reached XP level 16. HP: 108/108 MP: 0/0
 18977 | D:13     | Reached ****** piety under Hepliaklqana
 19038 | D:13     | Noticed Erolcha
 19044 | D:13     | Killed Erolcha
 19250 | D:13     | Killed Frances
 19365 | D:13     | Reached skill level 1 in Shields
 19382 | D:13     | Found a gate to the Vaults.
 19761 | Orc:1    | Entered Level 1 of the Orcish Mines
 20150 | Orc:2    | Entered Level 2 of the Orcish Mines
 20578 | Orc:2    | Reached skill level 5 in Shields
 20832 | Orc:2    | Identified 2 scrolls of acquirement
 20839 | Orc:2    | Acquired the +1 cloak of Sif Muna's Pride {Str+2 Stlth+}
 20841 | Orc:2    | Acquired 868 gold pieces
 21149 | Orc:2    | Found Abotysumm's Antique Weapon Shoppe.
 21160 | Orc:2    | Found Arican's Armour Emporium.
 21468 | Orc:2    | Reached skill level 14 in Fighting
 21638 | Orc:2    | Found Innoisung's Armour Emporium.
 21700 | Orc:2    | Found Wanyneu's Assorted Antiques.
 21725 | Orc:2    | Bought a polished falchion for 200 gold pieces
 21725 | Orc:2    | Identified the +12 falchion of Amorous True Grit {vorpal,
                  | rElec} (You bought it in a shop on level 2 of the Orcish
                  | Mines)
 21896 | Orc:2    | Found a staircase to the Elven Halls.
 21956 | Orc:2    | Bought the +1 cloak of Ghostly Salvation {rN+++ Regen+
                  | Str+4 Int-5} for 601 gold pieces
 22354 | D:14     | Reached skill level 10 in Dodging
 22774 | D:14     | Found a large runed translucent door.
 22774 | D:14     | Found a large runed translucent door.
 22777 | D:14     | Noticed KristoblXynda's ghost (journeyman DrBe)
 23142 | D:14     | Killed KristoblXynda's ghost
 23143 | D:14     | Reached XP level 17. HP: 116/116 MP: 0/0
 23143 | D:14     | Learned a level 7 spell: Spellforged Servitor
 23194 | D:14     | Upgraded the game from 0.29-a0-584-gb10a8bf730 to
                  | 0.29-a0-649-g45c230d69a
 23219 | D:15     | Entered Level 15 of the Dungeon
 23701 | D:15     | Found a staircase to the Depths.
 23876 | D:15     | Found a sacrificial altar of Ru.
 24186 | Spider:1 | Entered Level 1 of the Spider Nest
 24258 | Spider:1 | Noticed Asterion
 24267 | Spider:1 | Noticed an Executioner
 24269 | Spider:1 | Killed Asterion
 24371 | Spider:1 | Reached skill level 15 in Spellcasting
 24901 | Spider:2 | Reached XP level 18. HP: 122/122 MP: 0/0
 25805 | Spider:3 | Found a runed translucent gate.
 25805 | Spider:3 | Found a runed translucent gate.
 25817 | Spider:3 | Found a runed translucent gate.
 25821 | Spider:3 | Noticed Vitacs's ghost (adept DrIE)
 25821 | Spider:3 | Noticed Kefeps's ghost (adept MiBe)
 25852 | Spider:3 | Reached skill level 15 in Fighting
 26446 | Spider:4 | Entered Level 4 of the Spider Nest
 26524 | Spider:4 | Reached skill level 16 in Fighting
 26570 | Spider:4 | Noticed Voliurche's ghost (journeyman GnEE)
 26701 | Spider:4 | Noticed Arachne
 26713 | Spider:4 | Killed Arachne
 26885 | Spider:4 | Found a transporter.
 26976 | Spider:4 | Reached XP level 19. HP: 111/130 MP: 0/0
 26976 | Spider:4 | Learned a level 7 spell: Orb of Destruction
 27123 | Spider:4 | Reached skill level 10 in Evocations
 27180 | Spider:4 | Got a gossamer rune of Zot
 27315 | Spider:4 | Identified the +0 hat "Fuddes" {rCorr Stlth+}
 27375 | Spider:4 | Found a transporter.
 27471 | Lair:2   | Upgraded the game from 0.29-a0-649-g45c230d69a to
                  | 0.29-a0-666-g26d293caef
 27632 | Vaults:1 | Entered Level 1 of the Vaults
 27686 | Vaults:1 | Found a portal to a secret trove of treasure.
 29373 | Vaults:2 | Reached XP level 20. HP: 135/135 MP: 0/0
 30036 | Vaults:2 | Upgraded the game from 0.29-a0-666-g26d293caef to
                  | 0.29-a0-719-g0fec994a2d
 30852 | Vaults:3 | Found a staircase to the Crypt.
 31277 | Vaults:3 | Identified the +1 helmet of Ciblieha {rCorr Str+2 Dex+3}
 31531 | Vaults:4 | Reached skill level 17 in Fighting
 31788 | Vaults:4 | Reached XP level 21. HP: 108/144 MP: 0/0
 31788 | Vaults:4 | Learned a level 7 spell: Storm Form
 32133 | Vaults:4 | Reached skill level 18 in Fighting
 33483 | Orc:2    | Upgraded the game from 0.29-a0-719-g0fec994a2d to
                  | 0.29-a0-770-g2e8140cf71
 33489 | Elf:1    | Entered Level 1 of the Elven Halls
 34448 | Elf:2    | Paralysed by an air elemental for 1 turns
 34451 | Elf:2    | Paralysed by an air elemental for 1 turns
 34601 | Elf:2    | Reached XP level 22. HP: 133/152 MP: 0/0
 34902 | Elf:2    | Found a runed translucent gate.
 34903 | Elf:2    | Found a runed translucent gate.
 34903 | Elf:2    | Found a runed translucent gate.
 35135 | Elf:3    | Entered Level 3 of the Elven Halls
 35163 | Elf:3    | Noticed Saint Roka
 35172 | Elf:3    | Killed Saint Roka
 35484 | Elf:3    | Noticed Louise
 35494 | Elf:3    | Killed Louise
 35546 | Elf:3    | Identified Roxanne's Incunabulum of Transmigration
 35546 | Elf:3    | Noticed Roxanne
 35617 | Elf:3    | Identified the ring of Besaunwoan {*Corrode Str+2 Int+4
                  | Dex+2 SInv}
 35654 | Elf:3    | Noticed Mara
 35656 | Elf:3    | Noticed lurch's illusion
 35983 | Shoals:1 | Entered Level 1 of the Shoals
 35983 | Shoals:1 | Noticed Nikola
 35993 | Shoals:1 | Killed Nikola
 37756 | Shoals:3 | Found a frozen archway.
 37765 | IceCv    | Entered an ice cave
 37802 | IceCv    | Reached skill level 19 in Fighting
 37915 | IceCv    | Reached XP level 23. HP: 136/160 MP: 0/0
 37915 | IceCv    | Learned a level 7 spell: Enfeeble
 39130 | Elf:3    | Noticed lurch's illusion
 39140 | Elf:3    | Noticed lurch's illusion
 39494 | Shoals:3 | Upgraded the game from 0.29-a0-770-g2e8140cf71 to
                  | 0.29-a0-837-g174bc33265
 39498 | Shoals:4 | Entered Level 4 of the Shoals
 39558 | Shoals:4 | Got a barnacled rune of Zot
 39675 | Shoals:4 | Reached skill level 20 in Fighting
 40654 | Depths:1 | Entered Level 1 of the Depths
 40792 | Depths:1 | Found a one-way gateway to a ziggurat.
 40829 | Depths:1 | Found a gateway to Hell.
 40883 | Depths:1 | Noticed Bai Suzhen
 40913 | Depths:1 | Killed Bai Suzhen
 41283 | Depths:1 | Found a runed translucent door.
 41351 | Depths:2 | Reached skill level 10 in Shields
 41522 | Depths:2 | Found a one-way gate leading to the halls of Pandemonium.
 41642 | Depths:2 | Identified the +7 scimitar "Jotui" {freeze, rC+ Dex+5}
 41643 | Depths:2 | Identified the +9 sling of Earthquakes {vorpal, Will+}
 41647 | Depths:2 | Identified the +11 rapier of Tension {vamp, *Noise Int+8
                  | Dex-4}
 41882 | Depths:2 | Reached XP level 24. HP: 168/168 MP: 0/0
 43372 | Depths:3 | Found the ring of Shadows {Umbra +Inv Stlth+}
 43374 | Depths:3 | Found a shadowy altar of Dithmenos.
 43375 | Depths:3 | Found the +5 robe of Night {Dark Will+ SInv}
 43525 | Depths:4 | Entered Level 4 of the Depths
 43525 | Depths:4 | Noticed Sojobo
 43556 | Depths:4 | Noticed Jory
 43568 | Depths:3 | Killed Jory
 43709 | Depths:4 | Noticed Frederick
 43712 | Depths:4 | Reached skill level 15 in Shields
 43888 | Depths:4 | Noticed a golden dragon
 43889 | Depths:4 | Noticed Vv
 43975 | Depths:4 | Killed a golden dragon
 43985 | Depths:4 | Killed Sojobo
 43987 | Depths:4 | Killed Frederick
 44084 | Depths:4 | Killed Vv
 44185 | Depths:4 | Found a gate to the Realm of Zot.
 44919 | Vaults:1 | You paid a toll of 7 scrolls of fear to enter a treasure
                  | trove
 44920 | Trove    | Entered a treasure trove
 45223 | Lair:6   | Upgraded the game from 0.29-a0-837-g174bc33265 to
                  | 0.29-a0-902-g0f71de6fce
 45229 | Slime:1  | Entered Level 1 of the Pits of Slime
 45258 | Slime:1  | Gained mutation: You are partially covered in iridescent
                  | scales. (AC +2) [a shining eye]
 45259 | Slime:1  | Gained mutation: You are dopey. (Int -2) [a shining eye]
 45315 | Slime:3  | Noticed Dissolution
 45315 | Slime:3  | You are sucked into a shaft and drop 1 floor!
 45323 | Slime:4  | Reached XP level 25. HP: 173/173 MP: 0/0
 45323 | Slime:4  | Learned a level 8 spell: Necromutation
 45405 | Slime:3  | Paralysed by a floating eye for 4 turns
 45407 | Slime:3  | Killed Dissolution
 45467 | Slime:5  | Entered Level 5 of the Pits of Slime
 45577 | Slime:5  | Noticed the Royal Jelly
 45731 | Slime:5  | Killed the Royal Jelly
 45776 | Slime:5  | Reached skill level 15 in Evocations
 45961 | Slime:5  | Got a slimy rune of Zot
 46829 | D:7      | Killed Glokmah's ghost
 46849 | D:7      | Identified the +1 hat "Nicehiel" {MP+9 Dex-5 SInv}
 46854 | D:7      | Got the Reference Book on Creative Poisoning
 47590 | Vaults:5 | Entered Level 5 of the Vaults
 47594 | Vaults:5 | Noticed a dread lich
 47603 | Vaults:5 | Noticed a dread lich
 47651 | Vaults:5 | Paralysed by a dread lich for 2 turns
 47652 | Vaults:5 | Noticed an ancient lich
 47669 | Vaults:5 | Noticed an ancient lich
 47673 | Vaults:5 | Killed an ancient lich
 47698 | Vaults:5 | Reached XP level 26. HP: 119/181 MP: 0/0
 47715 | Vaults:5 | Identified the ring of Viba {Fly rN+ MP-9 Dex+2}
 47849 | Vaults:5 | Killed a dread lich
 47851 | Vaults:5 | Killed an ancient lich
 47856 | Vaults:5 | Found Faren's Antique Weapon Shoppe.
 48045 | Vaults:5 | Identified the amulet "Irel" {Regen+ Int+4}
 48058 | Vaults:5 | Killed a dread lich
 48067 | Vaults:5 | Reached skill level 21 in Fighting
 48167 | Vaults:5 | Noticed a dread lich
 48171 | Vaults:5 | Killed a dread lich
 48324 | Vaults:5 | Identified the +7 hand axe of the Middle {pain, rPois rF+}
 48390 | Vaults:5 | Got a silver rune of Zot
 48717 | Vaults:5 | Identified the +9 war axe of Magodiri {antimagic, rN+}
 48845 | Vaults:5 | Identified the +11 spear "Sosot" {freeze, +Blink rF++ Int+3
                  | Stlth-}
 49201 | Vaults:5 | Identified the +5 spear "Newtslayer" {vorpal, rC++}
 49442 | Vaults:5 | Bought an ancient scimitar for 468 gold pieces
 49442 | Vaults:5 | Identified the +7 scimitar "Dipoical" {venom, SInv} (You
                  | bought it in a shop on level 5 of the Vaults)
 49444 | Vaults:5 | Bought an iridescent sling for 338 gold pieces
 49444 | Vaults:5 | Identified the +11 sling of Cuff {freeze, rN+} (You bought
                  | it in a shop on level 5 of the Vaults)
 49806 | Depths:4 | Upgraded the game from 0.29-a0-902-g0f71de6fce to
                  | 0.29-a0-1023-g6ae1a4a2c7
 49811 | Zot:1    | Entered Level 1 of the Realm of Zot
 49902 | Zot:1    | Reached XP level 27. HP: 188/188 MP: 0/0
 49902 | Zot:1    | Learned a level 9 spell: Death's Door
 49972 | Depths:4 | HP: 7/188 [black draconian knight/bolt of cold (4)]
 51966 | Zot:2    | Noticed Parghit
 51976 | Zot:2    | Killed Parghit
 51977 | Zot:2    | Reached skill level 22 in Fighting
 52263 | Zot:2    | Noticed an orb of fire
 52270 | Zot:2    | Killed an orb of fire
 52466 | Zot:2    | Identified the ring "Qyast" {Ice rN+ MP+9 Dex+4}
 52466 | Zot:2    | Noticed Josephina
 52475 | Zot:2    | Killed Josephina
 52485 | Zot:2    | Noticed Grunn
 52495 | Zot:2    | Killed Grunn
 52779 | Zot:2    | Reached skill level 23 in Fighting
 52862 | Zot:3    | Found the +4 dragonskin cloak
 52862 | Zot:3    | Noticed Tiamat
 53132 | Zot:3    | Killed Tiamat
 53618 | Zot:3    | Found the +0 mask of the Dragon {Will+ Slay+3 SInv}
 53678 | Zot:3    | Found a transporter.
 53890 | Zot:3    | Reached skill level 24 in Fighting
 54519 | Zot:4    | Noticed a Killer Klown
 54536 | Zot:4    | Killed a Killer Klown
 54966 | Zot:4    | Reached skill level 25 in Fighting
 55588 | Zot:5    | Entered Level 5 of the Realm of Zot
 56012 | Zot:5    | Noticed an orb of fire
 56017 | Zot:5    | Noticed an orb of fire
 56025 | Zot:5    | Noticed an orb of fire
 56025 | Zot:5    | Noticed an orb of fire
 56223 | Zot:4    | Killed an orb of fire
 56361 | Zot:4    | Killed an orb of fire
 56452 | Zot:5    | Noticed an ancient lich
 56475 | Zot:5    | Killed an ancient lich
 56500 | Zot:5    | Killed an orb of fire
 56651 | Zot:5    | Killed an orb of fire
 56993 | Zot:5    | Noticed an orb of fire
 57002 | Zot:5    | Killed an orb of fire
 57084 | Zot:5    | Noticed an orb of fire
 57094 | Zot:5    | Killed an orb of fire
 57251 | Zot:5    | Got the Orb of Zot
 57254 | Zot:5    | Noticed a Killer Klown
 57254 | Zot:5    | Noticed a Killer Klown
 57256 | Zot:5    | Noticed a dread lich
 57258 | Zot:5    | Noticed a Killer Klown
 57277 | Zot:4    | Gained mutation: Your body sometimes deteriorates upon
                  | taking damage. [mutagenic glow]
 57391 | Zot:1    | Noticed Duoph the pandemonium lord
 57404 | Zot:1    | Killed Duoph the pandemonium lord
 57818 | D:$      | Escaped with the Orb!

Illustrated notes

Levels and vault maps discovered:
D:1:      matt_arrival_los_fun, layout_loops_corners,
          shapermc_ecumenical_altar_totnotflames
D:2:      layout_loops_ring, serial_shops, nicolae_square_shop, basic_altar,
          kennysheep_generic_room_10, uniq_natasha
D:3:      layout_loops_ring, kennysheep_nondescript
D:4:      layout_basic, dk_noncrumbling_2, uniq_sigmund
D:5:      layout_cave_pools, minmay_temple_entry_hall,
          chequers_serial_rivers_micro_c
D:6:      layout_loops_ring, uniq_crazy_yiuf_cottage
D:7:      layout_gridville, tgw_trog, biasface_ghost_orc_armoury,
          roderic_lattice_a, chequers_guarded_unrand_ignorance, uniq_pikel,
          uniq_duvessa
D:8:      layout_loops_cross, gammafunk_ghost_abyssal_escape,
          nicolae_shop_firing_range
D:9:      layout_roguey, zombieorc2_lemuel, enter_bailey_2, nicolae_water_bricks
D:10:     layout_basic, minmay_misc_feat_plants, nicolae_rejected_hall
D:11:     layout_stronghold, erik_lair_island
D:12:     layout_small_grid, uniq_nessos
D:13:     minmay_bloctagon_deflated, layout_grid_maze, david_vaults_4,
          kennysheep_cross_bottleneck, minivault_21, uniq_sonja, uniq_erolcha,
          uniq_frances
D:14:     layout_basic, corexii_corridor_pit, ebering_ghost_disaster_area
D:15:     grunt_enter_depths_magical_seal, layout_small_grid,
          nicolae_ru_awakened_eye
Temple:   compressed_dpeg_circular_temple
Lair:1:   layout_loops_ring, st_stairs_5, infiniplex_staircase_pool,
          uniq_prince_ribbit2
Lair:2:   layout_cellular_growth, spider_nest_entry_webs
Lair:3:   layout_layer_cave, nicolae_lair_grove_arrangements
Lair:4:   layout_cave_pods, minmay_shoals_entry_centaurs, minivault_25
Lair:5:   layout_regular_city, hangedman_lair_generics_rect
Lair:6:   gammafunk_lair_ancient_temple, layout_regular_city, slime_altar_1
Shoals:1: layout_shoals, uniq_nikola
Shoals:2: layout_shoals
Shoals:3: layout_shoals, portal_ice_cave_entry_pillars_four
Shoals:4: shoals_end_grunt_garden, layout_shoals
Spider:1: layout_spider_delve, nicolae_spider_bug_shape, uniq_asterion
Spider:2: layout_chambers, nicolae_spider_swamp_cousins
Spider:3: layout_spider_delve, gammafunk_ghost_cemetery,
          hangedman_spider_tarantella_strand
Spider:4: johnstein_spider_rune_arachne_lair, gammafunk_ghost_berserking_beasts
Slime:1:  layout_caves
Slime:2:  layout_caves
Slime:3:  layout_caves, dissolution_awaits
Slime:4:  nicolae_slime_pool, layout_caves, cheibrodos_slime_lost_civilization_7
Slime:5
Orc:1:    layout_caves
Orc:2:    pubby_orc_utopia
Elf:1:    layout_geoelf_octagon, kennysheep_underground_church
Elf:2:    nicolae_elf_blades_crystal_corner, layout_geoelf_diagonals,
          nicolae_elf_deep_mausoleum
Elf:3:    minmay_elf_hall, layout_loops_corners, uniq_saint_roka, uniq_mara,
          uniq_louise, uniq_roxanne
Vaults:1: ontoclasm_vaults_ligature, ontoclasm_vaults_decontamination,
          nicolae_vaults_shelves_hall, hangedman_vaults_stretched_pinwheel,
          v_misc_13, ontoclasm_vaults_fault, nicolae_vaults_border_crossing,
          nicolae_vaults_shelves_hall, layout_vaults_chaotic_city,
          nicolae_trove_entry_columns
Vaults:2: nicolae_vaults_twisting_passages, ontoclasm_vaults_gallery,
          v_pattern_2, nicolae_vaults_network_s, nicolae_vaults_network_quincunx
          [nicolae_vaults_network_quincunx_subvault,
          nicolae_vaults_network_quincunx_subvault,
          nicolae_vaults_network_quincunx_subvault,
          nicolae_vaults_network_quincunx_subvault,
          nicolae_vaults_network_quincunx_subvault], v_rooms_1,
          dpeg_vaults_monster_row, nicolae_vaults_back_hallway,
          ontoclasm_vaults_twist, hangedman_vaults_stretched_pinwheel,
          layout_vaults_maze_bifur
Vaults:3: v_misc_30, nicolae_vaults_little_squares_3, v_misc_9,
          minmay_crypt_entry_simple_plaza, hangedman_vaults_corner,
          hangedman_vaults_slice, nicolae_vaults_alarming,
          ontoclasm_vaults_pinch, v_pattern_1, nicolae_vaults_rhombus_6,
          vaults_mumra_chevron, vaults_room_pool, layout_vaults_omnicross
Vaults:4: st_smaller_cells, nicolae_vaults_stairing_the_circle,
          ontoclasm_vaults_ring_square, nicolae_vaults_hallways_thing,
          nicolae_vaults_ninety_degrees, vaults_room_door_ring,
          nicolae_vaults_circle_grid_a, hangedman_vaults_nails,
          nicolae_vaults_arrows, nicolae_vaults_asterisk,
          hangedman_vaults_variations, vaults_room_ringed_pool,
          nicolae_vaults_little_ls, nicolae_vaults_ring_of_whatevers,
          hangedman_vaults_stretched_pinwheel, layout_vaults_omnibox
Vaults:5
Depths:1: layout_twisted_cross, enter_ziggurat_f, hangedman_coc_ice_floe,
          chequers_serial_rivers_micro_c, abyss_entry, lightli_church_of_beogh,
          uniq_bai_suzhen
Depths:2: minmay_the_grid_3x2 [minmay_the_grid_holed_spiral,
          minmay_the_grid_broken_lines, minmay_the_grid_minigrid_small,
          minmay_the_grid_outer_diamond, minmay_the_grid_tree,
          minmay_the_grid_prize_diamond_cup], layout_gridlike,
          rand_demon_pan_entry_7, minmay_misc_feat_rows, hell_entry
Depths:3: regret_index_dithmenos_brocken_genspenst, layout_basic, abyss_entry,
          nicolae_two_hexagons, hell_entry, skrybe_limestone_x
Depths:4: evilmike_zot_entry_diamond, layout_cave_pools,
          pf_hell_entry_tar_spiral, serial_bayou_lagoon_a,
          hangedman_abyss_entry_splay, due_unseen_surprise, uniq_vv, uniq_jory,
          uniq_frederick, uniq_sojobo
Zot:1:    infiniplex_zot_generator, layout_basic, grunt_megastairs_5
Zot:2:    layout_misc_corridors, grunt_ministairs_15, skrybe_zot_glass_2,
          uniq_grunn, uniq_parghit, uniq_josephina
Zot:3:    layout_onion_interference, chequers_guarded_unrand_mask_of_the_dragon,
          uniq_tiamat
Zot:4:    layout_gridlike, zot_minivault_4
Zot:5:    layout_misc_corridors

Skill      XL: |  1  2  3  4  5  6  7  8  9 10 11 12 13 14 15 16 17 18 19 20 21 22 23 24 25 26 27 |
---------------+----------------------------------------------------------------------------------+-----
Fighting       | 1 2 3 4 5 8 10 12 13 14 16 17 18 19 20 21 25 | 25.0
Spellcasting   | 4 5 6 7 9 10 12 13 14 15 16 18 20 21 23 | 23.7
Invocations    | 4 8 10 12 13 14 | 14.0
Evocations     | 5 7 8 9 12 14 15 16 20 | 20.0
Armour         | 4 |  4.0
Dodging        | 6 8 11 12 14 | 14.5
Throwing       | 4 |  4.0
Shields        | 5 11 15 | 15.0
Stealth        | |  1.5

Action                   |  1- 3 |  4- 6 |  7- 9 | 10-12 | 13-15 | 16-18 | 19-21 | 22-24 | 25-27 || total
-------------------------+-------+-------+-------+-------+-------+-------+-------+-------+-------++-------
Melee: Quarterstaff      |       |       |       |     8 |       |       |       |       |       ||     8
       Rapier            |       |       |       |     4 |     1 |     4 |     2 |     2 |       ||    13
       Mace              |       |       |       |       |     5 |    11 |       |       |       ||    16
       Falchion          |       |       |       |       |       |       |    10 |       |     3 ||    13
Throw: Dart              |       |       |       |       |     2 |       |       |       |       ||     2
 Cast: Magic Dart        |    42 |    83 |   115 |     1 |       |       |       |       |       ||   241
       Searing Ray       |     1 |    12 |    14 |     5 |       |     1 |       |       |       ||    33
       Fulminant Prism   |       |       |    12 |    32 |    52 |    19 |     1 |       |     1 ||   117
       Iskenderun's Myst |       |       |    12 |    34 |    37 |    40 |    18 |    48 |    83 ||   272
       Stone Arrow       |       |       |    19 |   110 |   255 |   492 |    59 |   120 |   210 ||  1265
       Borgnjor's Vile C |       |       |       |       |   137 |   182 |   269 |   365 |   320 ||  1273
       Statue Form       |       |       |       |       |    14 |    50 |   106 |   153 |    59 ||   382
       Call Imp          |       |       |       |       |       |     1 |       |       |       ||     1
       Spellforged Servi |       |       |       |       |       |    65 |   104 |   185 |   174 ||   528
       Blink             |       |       |       |       |       |     1 |     3 |     1 |    21 ||    26
       Orb of Destructio |       |       |       |       |       |       |   161 |   147 |   362 ||   670
       Storm Form        |       |       |       |       |       |       |     3 |     2 |       ||     5
       Passage of Golubr |       |       |       |       |       |       |     1 |       |    29 ||    30
       Necromutation     |       |       |       |       |       |       |       |       |    93 ||    93
Invok: Ancestor Life: He |       |       |     1 |       |       |       |       |       |       ||     1
       Recall Ancestor   |       |       |       |     1 |     5 |     1 |       |    10 |    27 ||    44
       Idealise          |       |       |       |       |       |       |       |       |     1 ||     1
 Abil: Blinkbolt         |       |       |       |       |       |       |     1 |       |       ||     1
       End Transformatio |       |       |       |       |       |       |       |       |     1 ||     1
Evoke: Wand              |       |       |       |       |     2 |     1 |       |     1 |     5 ||     9
       Phantom mirror    |       |       |       |       |       |       |       |     1 |     1 ||     2
       Phial of floods   |       |       |       |       |       |       |       |     1 |       ||     1
       Condenser vane    |       |       |       |       |       |       |       |       |     3 ||     3
       Box of beasts     |       |       |       |       |       |       |       |       |     1 ||     1
  Use: Scroll            |       |       |       |     6 |    15 |     8 |     2 |     3 |    24 ||    58
       Potion            |       |       |       |     1 |       |     1 |       |     1 |    27 ||    30
 Stab: Paralysed         |       |       |       |       |       |       |       |       |     3 ||     3
Armor: Robe              |       |     1 |     2 |       |       |       |       |       |    38 ||    41
       Leather armour    |       |       |    10 |     8 |     2 |       |       |       |       ||    20
       Troll leather arm |       |       |       |       |     9 |     7 |     5 |     2 |       ||    23
       Skin              |       |       |       |       |    39 |   298 |   138 |   121 |   100 ||   696
Dodge: Dodged            |     1 |    11 |    35 |    15 |    76 |   318 |   167 |   113 |   248 ||   984
Block: Buckler           |       |       |       |       |       |    77 |    44 |       |       ||   121
       Kite shield       |       |       |       |       |       |       |    15 |   124 |   186 ||   325

Table legend: (Time is in decaauts)
 A = Elapsed time spent in this place.
 B = Non-inter-level travel time spent in this place.
 C = Inter-level travel time spent in this place.
 D = Time resting spent in this place.
 E = Time spent auto-exploring this place.
 F = Levels seen in this place.
 G = Mean time per level.
                   A        B        C        D        E       F      G
               +--------+--------+--------+--------+--------+-----+--------+
         Total |  66365 |  58877 |   7488 |   2121 |  39022 |  57 | 1164.3 |
       Dungeon |  18088 |  15157 |   2931 |    378 |  11666 |  15 | 1205.9 |
        Temple |    106 |     96 |     10 |      0 |     66 |   1 |  106.0 |
          Lair |   6411 |   5339 |   1072 |     38 |   4341 |   6 | 1068.5 |
        Shoals |   4519 |   4210 |    309 |    127 |   2867 |   4 | 1129.8 |
   Spider Nest |   4270 |   4120 |    150 |      0 |   2889 |   4 | 1067.5 |
    Slime Pits |   1786 |   1653 |    133 |    312 |    364 |   5 |  357.2 |
  Orcish Mines |   2699 |   2313 |    386 |      0 |   1529 |   2 | 1349.5 |
   Elven Halls |   3459 |   3193 |    266 |     80 |   1607 |   3 | 1153.0 |
        Vaults |  10169 |   9342 |    827 |    532 |   5212 |   5 | 2033.8 |
        Depths |   6263 |   5350 |    913 |    281 |   3550 |   4 | 1565.8 |
           Zot |   7424 |   6937 |    487 |    326 |   4505 |   5 | 1484.8 |
         Trove |     69 |     69 |      0 |      0 |     11 |   1 |   69.0 |
        Bailey |    418 |    418 |      0 |      0 |    192 |   1 |  418.0 |
      Ice Cave |    677 |    677 |      0 |     45 |    220 |   1 |  677.0 |
               +--------+--------+--------+--------+--------+-----+--------+

Top non-repeatable levels by time:
Vaults:5: 2308 daAuts
Vaults:4: 2273 daAuts
Vaults:3: 2183 daAuts
   Orc:2: 2115 daAuts
   Zot:1: 2094 daAuts
Depths:3: 2011 daAuts
    D:10: 1903 daAuts
   Zot:4: 1897 daAuts
Vaults:2: 1819 daAuts
    D:13: 1757 daAuts
Depths:4: 1739 daAuts
     D:1: 1611 daAuts
Vaults:1: 1585 daAuts
     D:2: 1519 daAuts
Depths:2: 1436 daAuts
